 Dungeon Crawl Stone Soup version 0.23.2-40-g277498a001 (webtiles) character file.

Game seed: 9069556401038145047

25 Ruokin the Grave Robber (level 3, 0/23 (26) HPs)
             Began as a Ghoul Necromancer on Oct 22, 2019.
             Slain by a quokka (2 damage)
             ... on level 2 of the Dungeon.
             The game lasted 00:11:57 (835 turns).

Ruokin the Grave Robber (Ghoul Necromancer)          Turns: 835, Time: 00:11:57

HP:   0/23 (26)     AC:  2    Str: 11    XL:     3   Next: 4%
MP:   0/5           EV: 12    Int: 11    God:
Gold: 89            SH:  0    Dex:  9    Spells: 5/6 levels left

rFire    . . .     SeeInvis .   (no weapon)
rCold    + . .     Gourm    .   (no shield)
rNeg     + + +     Faith    .   a - +0 robe
rPois    ∞         Spirit   .   (no helmet)
rElec    .         Reflect  .   (no cloak)
rCorr    .         Harm     .   (no gloves)
MR       .....                  (no boots)
Stlth    ++........             (no amulet)
HPRegen  0.00/turn              (no ring)
MPRegen  0.09/turn              (no ring)

@: very slightly contaminated, rotting
A: rotting body, claws 1, carnivore, cold resistance 1, negative energy
resistance 3, inhibited regeneration, torment resistance, unbreathing
a: no special abilities


You were on level 2 of the Dungeon.
You were hungry.

You visited 1 branch of the dungeon, and saw 2 of its levels.

You collected 89 gold pieces.

Inventory:

Hand Weapons
 f - a cursed +0 mace
Armour
 a - a +0 robe (worn)
Scrolls
 b - 2 scrolls of immolation {unknown}
 e - 2 scrolls of remove curse {unknown}
Potions
 d - 2 potions of haste {unknown}
Comestibles
 c - a ration


   Skills:
 + Level 1.8 Dodging
 + Level 2.4 Stealth
 + Level 0.2 Unarmed Combat
 + Level 2.0 Spellcasting
 + Level 4.6 Necromancy


You had 5 spell levels left.
You knew the following spells:

 Your Spells              Type           Power        Failure   Level  Hunger
a - Pain                  Necr           ##..         4%          1    ##.....

Your spell library contained the following spells:

 Spells                   Type           Power        Failure   Level  Hunger
 Animate Skeleton         Necr           N/A          4%          1    ##.....
 Vampiric Draining        Necr           ##........   13%         3    ####...
 Regeneration             Chrm/Necr      #.........   34%         3    ####...
 Animate Dead             Necr           N/A          41%         4    #####..


Dungeon Overview and Level Annotations

Branches:
Dungeon (2/15)

Altars:
Uskayaw


Innate Abilities, Weirdness & Mutations

Your body is rotting away.
You thrive on raw meat.
You are immune to poison.
You have sharp fingernails.
You are carnivorous and can eat meat at any time.
Your flesh is cold resistant. (rC+)
You are immune to negative energy. (rN+++)
You do not regenerate when monsters are visible.
You are immune to unholy pain and torment.
You can survive without breathing.


Message History

The hobgoblin is lightly wounded.
The quokka twitches its whiskers.
The hobgoblin hits you.
* * * LOW HITPOINT WARNING * * *
You barely miss the hobgoblin.
The hobgoblin is lightly wounded.
The hobgoblin misses you.
Unknown command.
You scratch the hobgoblin.
The hobgoblin is severely wounded.
The hobgoblin closely misses you.
Unknown command.
You scratch the hobgoblin.
You kill the hobgoblin!
You scratch the quokka but do no damage.
The quokka closely misses you.
You scratch the quokka.
The quokka is heavily wounded.
The quokka bites you.
You die...

.%.# #.........#...#
.)_#..
#.......#...#..
...#...
#.........#...#
.......##..<....#...#
.......##.........#
8.8....##.......g#..#
.............###g# .
.............# #r#
..%..........# #@#
........$....# #.#
)#..(†....#.## #.#
.#.#.#.##+#'## #+#
[.............
..###.........
...#<..........
...##..##+#.##..
..........# #


You could see a quokka and 2 hobgoblins.

Vanquished Creatures
  An ooze (D:1)
  A dart slug (D:1)
  4 goblins
  5 hobgoblins
  2 bats (D:1)
  A frilled lizard (D:1)
  2 kobolds
  2 rats (D:1)
18 creatures vanquished.

Notes
Turn   | Place    | Note
-------+----------+-------------------------------------------
     0 | D:1      | Ruokin the Ghoul Necromancer began the quest for the Orb.
     0 | D:1      | Reached XP level 1. HP: 14/14 MP: 2/2
   159 | D:1      | Reached XP level 2. HP: 13/19 MP: 1/3
   784 | D:2      | Reached XP level 3. HP: 23/23 MP: 0/5
   785 | D:2      | Found a hide-covered altar of Uskayaw.
   835 | D:2      | Slain by a quokka

Skill      XL: |  1  2 |
---------------+-------+-----
Spellcasting   | 2 |  2.0
Dodging        | |  1.8
Stealth        | |  2.4
Unarmed Combat | |  0.2
Necromancy     | |  4.6

Action                   || total
-------------------------++-------
Melee: Unarmed           ||    29
 Cast: Pain              ||    30
Armor: Robe              ||     4
Dodge: Dodged            ||    19
